 Dungeon Crawl Stone Soup version 0.28.0 (webtiles) character file.

Game seed: 3668254860992033942

90 Jaqob the Skirmisher (level 4, -1/41 HPs)
             Began as a Hill Orc Fighter on Feb 16, 2022.
             Slain by Sigmund (5 damage)
             ... on level 3 of the Dungeon.
             The game lasted 00:03:56 (2246 turns).

Jaqob the Skirmisher (Hill Orc Fighter)             Turns: 2246, Time: 00:03:57

Health: -1/41      AC:  8    Str: 20    XL:     4   Next: 56%
Magic:  4/4        EV:  9    Int:  8    God:
Gold:   88         SH:  4    Dex: 10    Spells: 3/3 levels left

rFire   + . .      SeeInvis .   a - +0 long sword
rCold   x . .      Faith    .   c - +0 buckler
rNeg    . . .      Spirit   .   b - +0 scale mail
rPois   .          Reflect  .   (no helmet)
rElec   .          Harm     .   (no cloak)
rCorr   .          Rampage  .   (no gloves)
Will    .....                   l - +0 pair of boots
Stlth   ..........              n - amulet of the acrobat
HPRegen 0.13/turn               e - ring of fire
MPRegen 0.09/turn               (no ring)

@: mighty
A: no striking features
a: no special abilities


You were on level 3 of the Dungeon.
You visited 1 branch of the dungeon, and saw 3 of its levels.

You collected 88 gold pieces.

Inventory:

Hand Weapons
 a - a +0 long sword (weapon)
Armour
 b - a +0 scale mail (worn)
 c - a +0 buckler (worn)
 l - a +0 pair of boots (worn)
Jewellery
 e - a ring of fire (left hand)
 n - an amulet of the acrobat (around neck)
Wands
 m - a wand of mindburst (20)
Scrolls
 f - a scroll of brand weapon {unknown}
 j - a scroll of amnesia {unknown}
 k - a scroll of fear {unknown}
 o - a scroll of teleportation {unknown}
Potions
 g - 3 potions of haste {unknown}
 h - a potion of magic {unknown}
 i - 2 potions of flight {unknown}


   Skills:
 + Level 4.4 Fighting
 + Level 3.1 Long Blades
 + Level 4.0 Armour
 + Level 4.0 Shields


You had 3 spell levels left.
You didn't know any spells.
Your spell library was empty.

Dungeon Overview and Level Annotations

Branches:
Dungeon (3/15)

Altars:

Annotations:
D:3 Sigmund


Message History

You are no longer poisoned.
You hear some strange, mumbled words.
You are confused.
A magic dart appears from out of thin air!
The magic dart hits you. Something hits you but does no damage.
Something completely misses you.
You feel less confused.
You hear some strange, mumbled words.
You are confused.
You closely miss something. Something hits you but does no damage.
Something barely misses you.
You bump into the rock wall.
Something closely misses you.
You feel less confused.
You hear some strange, mumbled words.
Something tries to affect you, but you resist.
You block something's attack. Something closely misses you.
You barely miss something.
You hear some strange, mumbled words.
A puff of flame appears from out of thin air!
The puff of flame hits you. You resist.
You closely miss something. Something hits you.
You closely miss something. Something hits you!
You barely miss something. Something hits you.
You feel very mighty all of a sudden.
You miss something. Something hits you.
* * * LOW HITPOINT WARNING * * *
You barely miss something. Something hits you.
* * * LOW HITPOINT WARNING * * *
You hit something. Something hits you but does no damage.
You miss something. Something hits you.
* * * LOW HITPOINT WARNING * * *
You slash something!
You hear some strange, mumbled words.
Something tries to affect you, but you resist.
Unknown command.
You hit something. Something hits you.
You die...

# ###.##########
.........#...#### #
.........{@.....# ..
...####..#...##.# #.#
...####..##.###.# #.#
.............##.###.#
#..####.....(.......#
#..@.....##>...#....##
.....:...###...#.....######
#.. >.######.#
#.#####......... #.# #.#
#...#....>#####


There were no monsters in sight!

Vanquished Creatures
  6 adders
  3 endoplasms
  2 giant cockroaches
  4 hobgoblins
  2 jackals (D:1)
  3 kobolds
  2 quokkas
  5 bats
  4 frilled lizards
  3 goblins
  5 rats
39 creatures vanquished.

Notes
Turn   | Place    | Note
-------+----------+-------------------------------------------
     0 | D:1      | Jaqob the Hill Orc Fighter began the quest for the Orb.
     0 | D:1      | Reached XP level 1. HP: 19/19 MP: 1/1
    92 | D:1      | Reached XP level 2. HP: 26/27 MP: 2/2
   373 | D:1      | You fall into a shaft and drop 1 floor!
   501 | D:2      | Reached XP level 3. HP: 33/33 MP: 3/3
  1687 | D:2      | Reached XP level 4. HP: 40/40 MP: 4/4
  2204 | D:3      | Noticed Sigmund
  2246 | D:3      | Slain by Sigmund

Illustrated notes

Levels and vault maps discovered:
D:1:      psy_arrival_fountain, layout_basic
D:2:      layout_basic, grunt_decor_junction, st_stairs_9
D:3:      layout_loops_ring, lightli_temple_of_fire, ebering_ghost_rock_garden,
          minmay_misc_feat_more_columns, uniq_sigmund

Skill      XL: |  1  2  3  4 |
---------------+-------------+-----
Fighting       | 4 |  4.4
Long Blades    | 3 |  3.1
Armour         | 4 |  4.0
Shields        | 4 |  4.0

Action                   |  1- 3 |  4- 6 || total
-------------------------+-------+-------++-------
Melee: Long sword        |    93 |    35 ||   128
  Use: Potion            |       |     1 ||     1
Armor: Scale mail        |    55 |    15 ||    70
Dodge: Dodged            |    48 |    16 ||    64
Block: Buckler           |    25 |     7 ||    32
